 Seeded DCSS version 0.30.0-10-gfe55d96785 (webtiles) character file.

Game seed: 10090500252402427320 (custom seed)

541 GigaChad the Chopper (level 7, -2/55 HPs)
             Began as a Formicid Fighter on May 15, 2023.
             Was an Initiate of Ashenzari.
             Killed by nerve-wracking pain
             ... invoked by Menkaure
              (12 damage)
             ... on level 5 of the Dungeon.
             The game lasted 00:08:05 (3983 turns).

GigaChad the Chopper (Formicid Fighter)             Turns: 3983, Time: 00:08:05

Health: -2/55      AC: 28    Str: 23    XL:     7   Next: 52%
Magic:  7/7        EV:  1    Int: 10    God:    Ashenzari [......]
Gold:   297        SH: 14    Dex: 16    Spells: 6/6 levels left

rFire   x . .        a - +0 war axe (flame)
rCold   . . .        m - +0 tower shield of the Iron City of Dis {rF- Dex+3}
rNeg    . . .        i - +8 orange crystal plate armour {Archmagi, Int+3 Clar, Evo, Comp} (curse)
rPois   .            (helmet unavailable)
rElec   .            p - +0 cloak
rCorr   .            (no gloves)
SInv    +            r - +2 pair of boots
Will    .....        (no amulet) Stlth
                     (no ring)
HPRegen 0.29/turn    (no ring)
MPRegen 0.10/turn

%: clarity, archmagi
@: no status effects
A: permanent stasis, dig shafts and tunnels, antennae 3, four strong arms
a: Dig, Shaft Self, Renounce Religion, Shatter the Chains


You were on level 5 of the Dungeon.
You worshipped Ashenzari.
Ashenzari was noncommittal.
You visited 2 branches of the dungeon, and saw 6 of its levels.
You also visited: Ossuary.

You collected 297 gold pieces.

Inventory:

Hand Weapons
 a - a +0 war axe of flaming (weapon)
 o - a +3 quarterstaff of chaos
Armour
 b - a +0 scale mail
 c - a +0 buckler
 i - the cursed +8 orange crystal plate armour (worn) {Archmagi, Int+3 Clar, Evo, Comp}
   (You acquired it on level 2 of the Dungeon)

   Int:       It affects your intelligence (+3).
   Clar:      It protects you from confusion, rage, mesmerisation and fear.
   It has a curse which improves the following skills: Evocations: Evocations.
   Companions: Summonings and Necromancy.
 m - the +0 tower shield of the Iron City of Dis (worn) {rF- Dex+3}
   (You acquired it on level 2 of the Dungeon)

   Dex:       It affects your dexterity (+3).
   rF:        It makes you vulnerable to fire.
 p - a +0 cloak (worn)
 r - a +2 pair of boots (worn)
Scrolls
 g - a scroll of fog
 h - 5 scrolls of identify
 k - 3 scrolls of teleportation
 q - a scroll of magic mapping {unknown}
 u - a scroll of vulnerability {unknown}
 w - a scroll of enchant weapon {unknown}
 y - 2 scrolls of immolation
 z - a scroll of blinking {unknown}
Potions
 d - 4 potions of might
 e - 3 potions of flight {unknown}
 f - 3 potions of brilliance {unknown}
 j - 2 potions of haste {unknown}
 l - 2 potions of heal wounds {unknown}
 n - 6 potions of curing {unknown}
 s - 2 potions of mutation
 t - 3 potions of invisibility {unknown}
 v - a potion of lignification {unknown}
 x - 3 potions of magic {unknown}


   Skills:
 * Level 4.5 Fighting
 * Level 5.8 Axes
 * Level 3.9 Armour
 - Level 1.3 Dodging
 * Level 4.9 Shields
 + Level 1.4 Unarmed Combat
 * Level 0.8 Invocations


You had 6 spell levels left.
You didn't know any spells.
Your spell library contained the following spells:

 Spells                   Type           Power      Damage    Failure   Level
 Apportation              Tloc           0%         N/A       100%        1
 Necrotise                Necr           0%         1d4       100%        1
 Summon Small Mammal      Summ           0%         N/A       100%        1
 Ensorcelled Hibernation  Hex/Ice        0%         N/A       100%        2
 Spider Form              Tmut/Pois      0%         N/A       100%        3
 Anguish                  Hex/Necr       0%         N/A       100%        4
 Cause Fear               Hex            0%         N/A       100%        4
 Dragon Form              Tmut           0%         N/A       100%        7
 Dragon's Call            Summ           0%         N/A       100%        9


Dungeon Overview and Level Annotations

Branches:
Dungeon (5/15)             Temple (1/1) D:4         Ossuary (visited)

Altars:
Ashenzari
Dithmenos
Elyvilon
Gozag
Kikubaaqudgha
Nemelex Xobeh
Ru
Trog
Uskayaw
Vehumet
Yredelemnul
The Shining One

Shops:
D:5 [

Annotations:
D:5 Menkaure


Innate Abilities, Weirdness & Mutations

You cannot be hasted, slowed, berserked, paralysed or teleported.
You can dig through walls and to a lower floor.
You have a pair of large antennae on your head. (SInv)
Your four strong arms can wield two-handed weapons with a shield.


Message History

No target in view!
No target in view!
n - 6 fuming red potions (gained 1)
You see here a +0 robe.
k - 3 scrolls of teleportation (gained 1)
There is an open door here.
Key pressed, stopping explore.
No target in view!
Key pressed, stopping explore.
No target in view!
You sense a monster nearby.
No target in view!
Menkaure, Prince of Dust comes into view.
Menkaure shouts!
You see here 10 gold pieces.
Menkaure is nearby!
You slash Menkaure! You burn Menkaure.
Menkaure is moderately damaged.
Menkaure calls on the powers of darkness!
Your body is wracked with pain!
You barely miss Menkaure.
Menkaure is moderately damaged.
Menkaure hits you!
* * * LOW HITPOINT WARNING * * *
Menkaure is nearby!
You are too injured to fight recklessly!
Menkaure is nearby!
Menkaure is nearby!
You barely miss Menkaure.
Menkaure is moderately damaged.
Menkaure calls on the powers of darkness!
Your body is wracked with pain!
* * * LOW HITPOINT WARNING * * *
Unknown command.
Unknown command.
You hit Menkaure but do no damage.
Menkaure is moderately damaged.
Menkaure casts a spell at you. Pain shoots through your body!
You die...

## .# ### .# ..#
.###############.##
..................#
.#############.#@##
.# #.#M# .# #.#.#
.# ######## #.#.#
.# #....#.# #.#.#
.# #.##.#.###.#.#
.# #.##.#...#.#.#
#......#.# ..# .#
####.#.#.#


You could see Menkaure.

Vanquished Creatures
  A phantom (D:5)
  A centaur zombie (Ossuary)
  A human zombie (Ossuary)
  A jelly (D:3)
  Crazy Yiuf (D:2)
  A hound (D:5)
  3 iguanas
  A sleepcap (D:5)
  6 mummies (Ossuary)
  5 adders
  A white imp (D:5)
  2 worms (D:3)
  A dart slug (D:5)
  9 orcs
  3 ball pythons
  4 bats
  2 endoplasms (D:4)
  3 giant cockroaches
  6 goblins
  7 hobgoblins
  4 quokkas
  2 frilled lizards (D:1)
  A gnoll zombie (Ossuary)
  6 kobolds
  4 kobold zombies (Ossuary)
  An orc zombie (Ossuary)
  4 rats
81 creatures vanquished.

Notes
Turn   | Place    | Note
-------+----------+-------------------------------------------
     0 | D:1      | GigaChad the Formicid Fighter began the quest for the Orb.
     0 | D:1      | Reached XP level 1. HP: 18/18 MP: 1/1
   296 | D:1      | Reached XP level 2. HP: 24/24 MP: 2/2
   883 | D:2      | Found a sparkling altar of Nemelex Xobeh.
   924 | D:2      | Reached XP level 3. HP: 30/30 MP: 3/3
  1246 | D:2      | Found a runed translucent door.
  1247 | D:2      | Noticed Crazy Yiuf
  1360 | D:2      | Identified 2 scrolls of acquirement
  1360 | D:2      | Acquired the +0 tower shield of the Iron City of Dis {rF-
                  | Dex+3}
  1372 | D:2      | Acquired the +8 orange crystal plate armour {Archmagi,
                  | Int+3 Clar}
  1372 | D:2      | Found the +8 orange crystal plate armour {Archmagi, Int+3
                  | Clar}
  1403 | D:2      | Killed Crazy Yiuf
  1404 | D:2      | Reached XP level 4. HP: 31/37 MP: 4/4
  1743 | D:3      | Reached skill level 3 in Axes
  1854 | D:3      | Reached XP level 5. HP: 37/42 MP: 5/5
  2002 | D:3      | Found a basalt altar of Yredelemnul.
  2595 | D:4      | Reached skill level 4 in Axes
  2597 | D:4      | Reached skill level 1 in Dodging
  2608 | D:4      | Identified the +5 ring mail "Dyhon" {rN+ Str+4 Dex-3}
  2630 | D:4      | Found a staircase to the Ecumenical Temple.
  2723 | Temple   | Entered the Ecumenical Temple
  2740 | Temple   | Became a worshipper of the Shining One
  2764 | Temple   | Fell from the grace of the Shining One
  2792 | Temple   | Became a worshipper of Ashenzari the Shackled
  3009 | D:4      | Found a sand-covered staircase.
  3052 | D:4      | Reached skill level 1 in Unarmed Combat
  3174 | Ossuary  | Entered an ossuary
  3195 | Ossuary  | Reached XP level 6. HP: 48/48 MP: 6/6
  3474 | D:5      | Entered Level 5 of the Dungeon
  3481 | D:5      | Reached skill level 5 in Axes
  3522 | D:5      | Reached XP level 7. HP: 55/55 MP: 7/7
  3792 | D:5      | Found Yggoapn's Antique Armour Shoppe.
  3800 | D:5      | Found an opulent altar of Gozag.
  3978 | D:5      | Noticed Menkaure
  3983 | D:5      | Killed from afar by Menkaure

Illustrated notes

Levels and vault maps discovered:
D:1:      nzn_arrival_settlement, layout_loops_corners, serial_bayou_ford_a,
          nicolae_kite_square_tiling_tiny
D:2:      layout_basic, basic_altar, uniq_crazy_yiuf_cottage
D:3:      layout_basic, mainiacjoe_overflow_brackets, minmay_hedge_maze
D:4:      layout_basic, temple_hall, chequers_ossuary_entry_cave
D:5:      layout_basic, mainiacjoe_overflow_paths, grunt_gozag_statues,
          serial_shops, shop, dreamdust_wishing_well, minmay_lizard_king,
          uniq_grinder, uniq_menkaure
Temple:   eino_temple_scatter_basement

Skill      XL: |  1  2  3  4  5  6 |
---------------+-------------------+-----
Axes           | 3 4 5 |  5.8
Fighting       | 4 |  4.5
Dodging        | 1 |  1.3
Unarmed Combat | 1 |  1.4
Armour         | |  3.9
Shields        | |  4.9
Invocations    | |  0.8

Action                     |  1- 3 |  4- 6 |  7- 9 || total
---------------------------+-------+-------+-------++-------
  Melee: War axe           |    50 |   149 |    41 ||   240
 Invoke: Renounce Religion |       |     1 |       ||     1
         Curse Item        |       |       |     1 ||     1
    Use: Scroll            |     3 |     3 |       ||     6
 Armour: Scale mail        |    30 |       |       ||    30
         Crystal plate arm |     3 |    70 |    23 ||    96
  Dodge: Dodged            |    19 |     4 |     3 ||    26
  Block: Buckler           |    13 |       |       ||    13
         Tower shield      |     3 |   111 |    30 ||   144
